 Dungeon Crawl Stone Soup version 0.19-a0-1899-g2d93087 (webtiles) character file.

1499 PurpleRed the Shield-Bearer (level 8, -2/73 HPs)
             Began as a Minotaur Fighter on Oct 20, 2016.
             Was an Initiate of Makhleb.
             Killed from afar by an orc wizard (13 damage)
             ... with a puff of frost
             ... on level 6 of the Dungeon.
             The game lasted 00:07:13 (4193 turns).

PurpleRed the Shield-Bearer (Minotaur Fighter)      Turns: 4193, Time: 00:07:14

Health: -2/73      AC:  8    Str: 23    XL:     8   Next: 52%
Magic:  7/7        EV:  8    Int:  5    God:    Makhleb [......]
Gold:   159        SH: 11    Dex: 13    Spells: 0 memorised, 7 levels left

rFire  . . .     SeeInvis +     a - +1 war axe
rCold  . . .     Gourm    .     b - +1 scale mail
rNeg   . . .     Faith    .     c - +0 shield
rPois  .         Spirit   .     (helmet restricted)
rElec  .         Reflect  .     (no cloak)
rCorr  .         Harm     .     (no gloves)
MR     .....                    (no boots)
Stlth  ..........               w - amulet of magic regeneration
                                i - ring of see invisible
                                x - +3 ring of dexterity

@: no status effects
A: retaliatory headbutt, horns 2
a: Renounce Religion


You were on level 6 of the Dungeon.
You worshipped Makhleb.
Makhleb was noncommittal.
You were not hungry.

You visited 2 branches of the dungeon, and saw 7 of its levels.
You also visited: Ossuary.

You collected 284 gold pieces.
You spent 125 gold pieces at shops.

Inventory:

Hand Weapons
 a - a +1 war axe (weapon)
Missiles
 t - 3 throwing nets (quivered)
Armour
 b - a +1 scale mail (worn)
 c - a +0 shield (worn)
Jewellery
 i - a ring of see invisible (right hand)
 p - an uncursed ring of wizardry {unknown}
 w - an amulet of magic regeneration (around neck)
 x - a +3 ring of dexterity (left hand)
Wands
 g - a wand of flame (28/48)
 v - a wand of digging (24/24)
Scrolls
 e - 3 scrolls of teleportation
 m - a scroll of blinking
 o - 6 scrolls of remove curse
 u - 2 scrolls of recharging
Potions
 d - 2 potions of berserk rage
 h - a potion of agility {unknown}
 j - a potion of magic
 k - 2 potions of curing
 l - 3 potions of flight
 n - a potion of degeneration {unknown}
 z - 2 potions of heal wounds
 A - a potion of lignification {unknown}
 B - a potion of cancellation {unknown}
Books
 s - a book of Necromancy

   Spells                             Type                      Level
   a - Pain                           Necromancy                   1
   b - Animate Skeleton               Necromancy                   1
   c - Vampiric Draining              Necromancy                   3
   d - Regeneration                   Charms/Necromancy            3
   e - Animate Dead                   Necromancy                   4
   f - Control Undead                 Necromancy                   4
Comestibles
 f - 3 bread rations
 q - 2 meat rations
 r - a royal jelly


   Skills:
 + Level 7.1 Fighting
 + Level 6.8 Axes
 + Level 7.1 Armour
 + Level 7.7 Shields


You had 7 spell levels left.
You didn't know any spells.

Dungeon Overview and Level Annotations

Branches:
Dungeon (6/15)             Temple (1/1) D:6

Altars:
Ashenzari
Cheibriados
Dithmenos
Elyvilon
Fedhas
Gozag
Hepliaklqana
Kikubaaqudgha
Makhleb
Nemelex Xobeh
Okawaru
Qazlal
Ru
Sif Muna
Trog
Uskayaw
Vehumet
Xom
Yredelemnul
Zin
The Shining One

Shops:
D:4 *

Annotations:
D:5 Sigmund


Innate Abilities, Weirdness & Mutations

You reflexively headbutt those who attack you in melee.
You have a pair of horns on your head.


Message History

The orc warrior closely misses you.
An orc wizard comes into view. It is wielding a dagger.
You completely miss the orc warrior. You headbutt the orc warrior.
The orc warrior is moderately wounded.
The orc warrior misses you.
The orc wizard mumbles some strange words.
The orc wizard seems to speed up.
You closely miss the orc warrior. Your headbutt misses the orc warrior.
The orc warrior is moderately wounded.
The orc warrior hits you with a dire flail!
Your shield and scale mail prevent you from hitting the orc warrior.
Your headbutt misses the orc warrior.
The orc warrior is moderately wounded.
You slash the orc wizard!
The orc warrior hits you with a dire flail!
* * * LOW HITPOINT WARNING * * *
You block the orc wizard's attack.
The orc wizard gestures at you while chanting.
The puff of frost hits you!
You die...

......#
###......#....))#.#.#
......#
#........(#....†#.#.#
......#
#.........#.>...#)#.##
...####
#.........##.........#
...#
#######...##.##......#
#+####
#.......#.......#
.....#
#.#########.....####
.....# #.(..#
..[.....>.... .....#
#..@.#..###.........
.....# #..oo#
#......... .....#
#...oo. #####.(...
#'######### ##...#o.⌠
###### #.#.......#
#...##### #.#.#####.#
##### #.#.# #.# #.#.#
#.# #.#.# #.#


You could see an orc warrior, 2 orc wizards and 2 orcs.

Vanquished Creatures
  Edmund (D:5)
  An ice beast (D:5)
  A sky beast (D:6)
  A necrophage (D:6)
  2 ogres (D:5)
  A centaur (D:4)
  An elf zombie (Ossuary)
  A bullfrog (D:6)
  A centaur zombie (Ossuary)
  2 hounds
  A human zombie (Ossuary)
  A gnoll shaman (D:6)
  5 orc wizards (D:6)
  4 worker ants
  2 hound zombies (Ossuary)
  3 mummies (Ossuary)
  A howler monkey zombie (D:3)
  11 gnolls
  5 adders
  5 adder zombies (Ossuary)
  4 worms
  A dart slug (D:2)
  A leopard gecko (D:4)
  7 orcs
  3 giant cockroaches
  2 gnoll zombies (Ossuary)
  8 goblins
  6 hobgoblins
  12 jackals
  2 kobolds
  3 quokkas
  2 ball pythons (D:3)
  A bat (D:2)
  3 frilled lizards (D:2)
  4 goblin zombies (Ossuary)
  4 hobgoblin zombies (Ossuary)
  5 jackal zombies (Ossuary)
  4 kobold zombies (Ossuary)
  2 orc zombies (Ossuary)
  A quokka skeleton (D:5)
  3 quokka zombies (Ossuary)
  6 rats (D:3)
  A rat zombie (Ossuary)
135 creatures vanquished.

Notes
Turn   | Place    | Note
-------+----------+-------------------------------------------
     0 | D:1      | PurpleRed the Minotaur Fighter began the quest for the Orb.
     0 | D:1      | Reached XP level 1. HP: 19/19 MP: 0/0
   139 | D:2      | Reached XP level 2. HP: 27/27 MP: 1/1
   254 | D:2      | Reached XP level 3. HP: 32/33 MP: 2/2
   615 | D:3      | Found a snail-covered altar of Cheibriados.
   899 | D:3      | Reached XP level 4. HP: 33/41 MP: 3/3
  1287 | D:3      | Reached XP level 5. HP: 46/47 MP: 4/4
  1392 | D:3      | Reached skill level 5 in Shields
  1688 | D:4      | Noticed a centaur
  1703 | D:4      | Killed a centaur
  1703 | D:4      | Reached skill level 5 in Fighting
  1943 | D:4      | Found Varoejuk's Assorted Antiques.
  1958 | D:4      | Bought a diamond ring for 125 gold pieces
  2072 | D:4      | Reached XP level 6. HP: 51/56 MP: 5/5
  2477 | D:4      | Found an opulent altar of Gozag.
  2477 | D:4      | Found a glowing golden altar of the Shining One.
  2637 | D:5      | Entered Level 5 of the Dungeon
  2637 | D:5      | Noticed Edmund
  2637 | D:5      | Noticed an ice beast
  2644 | D:5      | Killed Edmund
  2644 | D:5      | Reached skill level 5 in Armour
  2647 | D:5      | Killed an ice beast
  2647 | D:5      | Reached skill level 5 in Axes
  2647 | D:5      | Reached XP level 7. HP: 16/62 MP: 6/6
  2946 | D:5      | Found a shadowy altar of Dithmenos.
  3044 | D:5      | Found a sand-covered staircase.
  3092 | Ossuary  | Entered an ossuary
  3442 | D:5      | Noticed Sigmund
  3451 | D:5      | Reached XP level 8. HP: 31/71 MP: 7/7
  4107 | D:6      | Found a staircase to the Ecumenical Temple.
  4120 | Temple   | Entered the Ecumenical Temple
  4127 | Temple   | Became a worshipper of Makhleb the Destroyer
  4193 | D:6      | Killed from afar by an orc wizard

Vault maps used:
D:1:      ncdulo_lavacross, nrook_mini_backslash, serial_bayou_pond_b
D:2:      first_bread
D:3:      kennysheep_six_static_rooms, cheibriados_altar_1
D:4:      gammafunk_temple_overflow_pools, serial_shops,
          nicolae_shop_overgrown_old_shop
D:5:      lemuel_upstairs_altar, enter_ossuary_1, grunt_dithmenos_smoke,
          uniq_sigmund, uniq_edmund
D:6:      serial_shops, shop_fountains
Temple:   nicolae_temple_no_exploring_needed
Ossuary:  minmay_ossuary_two_tombs

Skill      XL: |  1  2  3  4  5  6  7  8 |
---------------+-------------------------+-----
Fighting       | 4 5 6 7 |  7.1
Shields        | 4 5 6 7 |  7.7
Axes           | 3 4 5 6 |  6.8
Armour         | 4 5 6 7 |  7.1

Action                   |  1- 3 |  4- 6 |  7- 9 || total
-------------------------+-------+-------+-------++-------
Melee: War axe           |    75 |   115 |   184 ||   374
       Headbutt          |    10 |    24 |    41 ||    75
  Use: Scroll            |       |     5 |     9 ||    14
       Potion            |       |     1 |       ||     1
  Eat: Chunk             |       |     5 |     3 ||     8
       Fruit             |       |       |     2 ||     2
       Pizza             |       |       |     1 ||     1
Armor: Scale mail        |    28 |    37 |    58 ||   123
Dodge: Dodged            |    26 |    39 |    48 ||   113
Block: Shield            |    37 |    61 |   103 ||   201
